 Dungeon Crawl Stone Soup version 0.28.0 (webtiles) character file.

Game seed: 2431734130780868540

116767 belegose the Summoner (level 16, -8/115 HPs)
             Began as a Merfolk Summoner on Feb 6, 2022.
             Was the Champion of Dithmenos.
             Mangled by a spark wasp (16 damage)
             ... on level 1 of the Spider Nest.
             The game lasted 04:44:37 (56124 turns).

belegose the Summoner (Merfolk Summoner)           Turns: 56124, Time: 04:44:37

Health: -8/115     AC: 16    Str: 15 (16) XL:     16   Next: 72%
Magic:  26/26      EV: 13    Int: 19      God:    Dithmenos [******]
Gold:   1646       SH:  0    Dex: 16      Spells: 17/29 levels left

rFire   + . .      SeeInvis +   W - +2 trident (vamp)
rCold   + . .      Faith    .   X - +4 kite shield of Bafe Ami {+Blink rC+}
rNeg    . . .      Spirit   .   e - +2 ring mail {rF+}
rPois   +          Reflect  .   l - +0 helmet
rElec   .          Harm     .   B - +1 cloak
rCorr   .          Rampage  .   s - +2 pair of gloves {hurl}
Will    ++...                   Y - +1 pair of boots
Stlth   ++........              N - amulet of the acrobat
HPRegen 0.29/turn               V - ring of see invisible
MPRegen 0.20/turn               Z - ring of Waesm {rPois Will+ Str+3 Int+3}

@: confused, wreathed by umbra
A: (nimble swimmer 2), mertail
a: Renounce Religion, Evoke Blink, Shadow Step, Shadow Form


You were on level 1 of the Spider Nest.
You worshipped Dithmenos.
Dithmenos was exalted by your worship.
You visited 5 branches of the dungeon, and saw 25 of its levels.
You also visited: Sewer, Ossuary and Bailey.

You collected 2655 gold pieces.
You spent 1009 gold pieces at shops.

Inventory:

Hand Weapons
 a - a +1 spear of venom
 Q - the +8 woodcutter's axe {vorpal}
   (You took it off a gnoll shaman on level 5 of the Dungeon)

   It inflicts extra damage upon your enemies.
 W - a +2 vampiric trident (weapon)
Missiles
 d - 4 boomerangs (quivered)
 i - 3 javelins
 p - 52 poisoned darts
 x - 2 throwing nets
 z - 7 curare-tipped darts
 J - 4 silver javelins
Armour
 e - a +2 ring mail of fire resistance (worn)
 l - a +0 helmet (worn)
 s - a +2 pair of gloves of hurling (worn)
 t - +0 acid dragon scales
 u - a +1 ring mail of cold resistance
 B - a +1 cloak (worn)
 X - the +4 kite shield of Bafe Ami (worn) {+Blink rC+}
   (You found it in a bailey)

   rC:        It protects you from cold.
   +Blink:    It lets you blink.
 Y - a +1 pair of boots (worn)
Jewellery
 q - a ring of positive energy
 r - a ring of protection from fire
 y - a ring of wizardry
 M - a ring of protection from cold
 N - an amulet of the acrobat (around neck)
 S - a ring of willpower
 V - a ring of see invisible (left hand)
 Z - the ring of Waesm (right hand) {rPois Will+ Str+3 Int+3}
   (You took it off a centaur on level 13 of the Dungeon)

   [ring of willpower]

   Str:       It affects your strength (+3).
   Int:       It affects your intelligence (+3).
   rPois:     It protects you from poison.
   Will:      It increases your willpower.
Wands
 m - a wand of acid (6)
 w - a wand of digging (19)
 C - a wand of flame (14)
 F - a wand of iceblast (9)
 O - a wand of paralysis (11)
Scrolls
 b - 11 scrolls of identify
 f - 7 scrolls of teleportation
 j - 3 scrolls of blinking
 k - a scroll of summoning
 v - 4 scrolls of magic mapping
 A - 3 scrolls of fog
 E - 3 scrolls of silence
Potions
 c - 8 potions of curing
 h - 3 potions of ambrosia
 n - 9 potions of berserk rage
 o - 7 potions of flight
 D - 10 potions of heal wounds
 I - 4 potions of lignification
 K - a potion of resistance
 L - 2 potions of invisibility
 P - 3 potions of haste
 R - a potion of might
Miscellaneous
 G - a condenser vane
 T - a tin of tremorstones (2/2)
 U - a lightning rod (4/4)


   Skills:
 - Level 7.2 Fighting
 - Level 10.8 Polearms
 + Level 9.4 Throwing
 - Level 4.0 Armour
 - Level 8.1 Dodging
 - Level 10.0 Stealth
 - Level 10.6 Shields
 - Level 7.0 Spellcasting
 - Level 7.0 Hexes
 - Level 12.1 Summonings
 - Level 6.0 Air Magic
 + Level 9.1 Poison Magic
 + Level 5.2 Invocations
 - Level 10.8 Evocations


You had 17 spell levels left.
You knew the following spells:

 Your Spells              Type           Power      Damage    Failure   Level
a - Call Canine Familiar  Summ           51%        N/A       1%          3
b - Summon Guardian Gole  Hex/Summ       42%        N/A       2%          3
e - Summon Lightning Spi  Summ/Air       41%        N/A       10%         4
f - Poisonous Vapours     Pois/Air       70%        N/A       2%          2

Your spell library contained the following spells:

 Spells                   Type           Power      Damage    Failure   Level
 Summon Small Mammal      Summ           100%       N/A       1%          1
 Call Imp                 Summ           51%        N/A       1%          2
 Swiftness                Air            29%        N/A       11%         3
 Shock                    Conj/Air       72%        1d7       12%         1
 Ensorcelled Hibernation  Hex/Ice        38%        N/A       14%         2
 Corpse Rot               Necr/Air       36%        N/A       19%         2
 Spider Form              Tmut/Pois      23%        N/A       19%         3
 Ignite Poison            Fire/Tmut/Pois 18%        N/A       34%         3
 Airstrike                Air            14%        N/A       34%         4
 Animate Skeleton         Necr           12%        N/A       38%         1
 Magic Dart               Conj           24%        1d4       38%         1
 Pain                     Necr           24%        1d5       38%         1
 Sandblast                Erth           12%        2d6       38%         1
 Passwall                 Tmut/Erth      5%         N/A       52%         2
 Searing Ray              Conj           12%        2d4       52%         2
 Silence                  Hex/Air        15%        N/A       61%         5
 Anguish                  Hex/Necr       9%         N/A       67%         4
 Fulminant Prism          Conj/Hex       9%         3d7       67%         4
 Conjure Flame            Conj/Fire      6%         6-21      77%         3
 Ozocubu's Armour         Ice            6%         N/A       77%         3
 Stone Arrow              Conj/Erth      12%        3d7       77%         3
 Alistair's Intoxication  Tmut/Pois      15%        N/A       87%         5
 Metabolic Englaciation   Hex/Ice        9%         N/A       95%         5
 Passage of Golubria      Tloc           6%         N/A       99%         4
 Sticky Flame             Conj/Fire      6%         2d3       99%         4
 Freezing Cloud           Conj/Ice/Air   7%         6-21      99%         5
 Agony                    Necr           6%         N/A       100%        5
 Borgnjor's Vile Clutch   Necr/Erth      3%         N/A       100%        5
 Excruciating Wounds      Necr           3%         N/A       100%        5
 Eringya's Noxious Bog    Tmut/Pois      11%        N/A       100%        6
 Simulacrum               Ice/Necr       3%         N/A       100%        6
 Lehudib's Crystal Spear  Conj/Erth      3%         10d2      100%        8
 Polar Vortex             Ice            3%         N/A       100%        9


Dungeon Overview and Level Annotations

Branches:
Dungeon (15/15)            Temple (1/1) D:6            Lair (6/6) D:10
  Swamp (0/4) Lair:2       Spider (1/4) Lair:3        Slime (0/5) Lair:6
    Orc (2/2) D:9             Elf (0/3) Orc:2        Vaults (0/5) D:14
 Depths (0/4) D:15          Sewer (visited)         Ossuary (visited)
 Bailey (visited)

Altars:
Dithmenos
Elyvilon
Fedhas
Gozag
Makhleb
Nemelex Xobeh
Sif Muna
Uskayaw
Vehumet
Wu Jian
Xom
Yredelemnul
The Shining One

Shops:
D:1 [   D:6 [   Orc:2 *!?(

Portals:
Abyss: D:8
Trove: D:14 (give 15 potions of curing)

Annotations:
D:8 2 transporters, sirJeffrey23's ghost, novice HOMo
D:12 Jorgrun
Lair:3 2 transporters, HallandMoats's ghost, journeyman DsMo


Innate Abilities, Weirdness & Mutations

((You are very nimble when in or above water. (Stealth+, EV+, Speed+++)))
Your lower body shifts to a powerful aquatic tail in water.


Message History

The demonic crawler is almost dead.
The demonic crawler barely misses you. You block the demonic crawler's attack.
The demonic crawler barely misses you.
Your warg barely misses the demonic crawler.
You hit the demonic crawler but do no damage.
The demonic crawler is almost dead.
You block the demonic crawler's attack. The demonic crawler hits you!
You block the demonic crawler's attack.
Your warg bites the demonic crawler.
You puncture the demonic crawler!
You kill the demonic crawler!
Dithmenos accepts your kill.
There is a hole to the Spider Nest, spattered with blood here.
Unknown command.
You start resting.
Magic restored.
Unknown command.
You start resting.
Your warg disappears in a puff of smoke!
HP restored.
Unknown command.
Search for what [Enter for "shop", or ? for help]? rele You climb downwards.
Welcome back to the Spider Nest!
This branch contains the gossamer rune of Zot.
A redback comes into view.
The tarantella touches you.
You are confused.
A jumping spider comes into view.
There is a crawl-hole back to the Lair here.
The tarantella touches you!
You are more confused.
The spark wasp stings you! The spark wasp shocks you!
The tarantella barely misses you.
In your confused state, you trip and fall back down the stairs.
The spark wasp stings you!! The spark wasp shocks you!
* * * LOW HITPOINT WARNING * * *
The redback barely misses you. The tarantella closely misses you.
The spark wasp stings you!!
* * * LOW HITPOINT WARNING * * *
The spark wasp shocks you!
You die...

.......s.ยง......#.....#.....#
...##....#.................##
y..##.......^..#............#
.........#...##....#.#....^..
.#.##^...........#........# ##
#.....#.....#....#..#..
#..#..#...##....#......#
.####......#sy..............
............@.#.........#...
.......#.#..s#...#..........
.##.......^^#....#.(#.....^
#....#.#.......#..^.......
.(............#.ss....####.
##....#..#........#.#.#.
#....................
..........#..........
.............#..


You could see a spark wasp, a wolf spider, a jumping spider, a tarantella and a
redback.

Vanquished Creatures
  Louise (D:15)
  A ghost moth (Lair:3)
  Nessos (D:12)
  Josephine (D:12)
  A boulder beetle (D:11)
  3 ogre magi
  A hydra (D:12)
  A catoblepas (D:13)
  A death knight (D:15)
  4 two-headed ogres
  4 centaur warriors
  A tengu warrior (D:13)
  A death yak (Lair:5)
  2 orc high priests
  Sonja (D:11)
  A swamp dragon (Lair:6)
  A wizard (D:15)
  2 orc knights
  3 orc sorcerers (Orc:2)
  2 wolf spiders (Lair:6)
  A cyclops (D:15)
  3 ugly things (D:14)
  2 oklob plants (D:10)
  5 black mambas
  A guardian serpent (Lair:6)
  4 elephants (Lair:5)
  A torpor snail (Lair:5)
  An unseen horror (D:8)
  11 cane toads
  2 kobold demonologists
  6 rime drakes
  5 komodo dragons
  A demonic crawler (Lair:3)
  2 tengu conjurers (D:15)
  2 hornets (Lair:6)
  A queen bee (Lair:2)
  3 slime creatures
  A tarantella (Spider:1)
  8 blink frogs
  A dream sheep (Lair:3)
  2 jumping spiders (Lair:3)
  4 nameless horrors
  5 wraiths
  A hog (D:12)
  2 basilisks (Lair:2)
  6 wyverns
  10 yaks
  Grum (D:8)
  A redback (Lair:6)
  6 steam dragons
  Menkaure (D:5)
  6 vampire mosquitoes
  2 wargs (Orc:1)
  2 acid dragons
  14 water moccasins
  Duvessa (D:7)
  A floating eye (D:13)
  An ice beast (D:6)
  A black bear (Lair:3)
  17 orc warriors
  A sky beast (D:6)
  3 swamp drakes (Lair:6)
  14 centaurs
  7 ogres
  8 wolves
  A lemure (D:4)
  5 bullfrogs
  3 kobold brigands (D:9)
  6 gnoll sergeants
  2 scorpions (D:7)
  2 water moccasin zombies (D:6)
  Dowan (D:7)
  24 killer bees
  4 howler monkeys
  16 wights
  11 electric eels
  4 centaur zombies
  13 orc priests
  A bullfrog skeleton (D:5)
  A jelly (D:6)
  A centaur skeleton (D:5)
  4 hounds
  2 gnoll shamans
  3 iguanas
  12 orc wizards
  A hound skeleton (D:5)
  A howler monkey zombie (D:10)
  11 gnolls
  4 adders
  A river rat (D:4)
  A shadow imp (D:6)
  A dart slug (D:3)
  59 orcs
  8 ball pythons
  An endoplasm (D:2)
  2 giant cockroaches (D:2)
  11 goblins
  7 hobgoblins
  4 jackals (D:1)
  19 kobolds
  A quokka (D:3)
  A ball python skeleton (Ossuary)
  8 bats
  3 frilled lizards (D:3)
  3 hobgoblin skeletons (Ossuary)
  2 hobgoblin zombies (Ossuary)
  An orc skeleton (Ossuary)
  An orc zombie (Ossuary)
  2 rats
480 creatures vanquished.

Vanquished Creatures (collateral kills)
  Kirke (D:12)
  A fire dragon (Lair:6)
  A boulder beetle (Lair:6)
  Erica (D:8)
  A centaur warrior (D:13)
  2 two-headed ogres
  An orc high priest (Orc:2)
  A skeletal warrior (D:15)
  Pikel (D:4)
  3 wizards (D:15)
  A deep elf pyromancer (D:14)
  2 orc sorcerers (Orc:1)
  2 cyclopes
  An ugly thing (D:12)
  A salamander (Lair:6)
  5 black mambas
  An elephant (Lair:6)
  6 cane toads (Lair:6)
  2 rime drakes
  A komodo dragon (Lair:6)
  A kobold demonologist (D:12)
  A tengu conjurer (D:15)
  2 polar bears
  A troll (Orc:1)
  Prince Ribbit (D:5)
  2 dream sheep (Lair:3)
  5 blink frogs
  Sigmund (D:4)
  Eustachio (D:4)
  A wyvern (Lair:6)
  6 yaks
  A basilisk (Lair:2)
  A steam dragon (Lair:2)
  9 water moccasins
  6 orc warriors
  2 nameless horrors
  An ogre (D:4)
  2 necrophages (Lair:4)
  A black bear (D:4)
  A wolf (D:8)
  2 centaurs
  2 kobold brigands
  A gnoll sergeant (D:6)
  2 wights
  An electric eel (Lair:2)
  A bullfrog zombie (D:5)
  4 orc priests (Orc:2)
  A gnoll shaman (D:6)
  A hound (D:4)
  3 centaur skeletons
  Ijyb (D:3)
  6 orc wizards
  An iguana (D:4)
  4 gnolls
  4 adders
  2 worms (D:2)
  A dart slug (D:1)
  25 orcs
  A ball python (D:1)
  A bat (D:2)
  2 endoplasms (D:2)
  6 goblins
  5 hobgoblins
  2 jackals (D:1)
  5 kobolds
  A quokka (D:1)
  2 frilled lizards
168 creatures vanquished.

Vanquished Creatures (others)
  Snorg (Lair:6)
  8 hydras
  4 centaur warriors
  10 two-headed ogres
  A death yak (Lair:4)
  An orc high priest (D:10)
  A tengu warrior (D:14)
  5 skeletal warriors
  A phantasmal warrior (D:15)
  A necromancer (D:15)
  5 orc knights
  4 ugly things
  2 cyclopes
  An orc sorcerer (Orc:2)
  7 elephants
  5 black mambas
  2 gargoyles
  4 cane toads
  A rime drake (Lair:4)
  2 tengu conjurers
  4 komodo dragons
  2 freezing wraiths (D:15)
  2 trolls
  A hornet (D:14)
  6 polar bears
  3 slime creatures (D:12)
  3 blink frogs (Lair:3)
  A dream sheep (Lair:3)
  A centaur simulacrum (D:15)
  4 wraiths
  A spriggan (shapeshifter) (D:13)
  2 wyverns (Lair:6)
  12 yaks
  A redback (Lair:3)
  2 hogs (D:12)
  6 vampire mosquitoes
  A basilisk (Lair:3)
  3 acid dragons
  8 water moccasins
  12 orc warriors
  3 ogres
  2 wolves (Lair:3)
  2 centaurs
  A bullfrog (Lair:3)
  A killer bee (Lair:2)
  An iguana (Lair:6)
  An ufetubus (D:4)
  4 orcs (D:13)
  42 fungi
  134 plants
332 creatures vanquished.

Grand Total: 980 creatures vanquished

Notes
Turn   | Place    | Note
-------+----------+-------------------------------------------
     0 | D:1      | belegose the Merfolk Summoner began the quest for the Orb.
     0 | D:1      | Reached XP level 1. HP: 13/13 MP: 3/3
   523 | D:1      | Reached XP level 2. HP: 19/19 MP: 5/5
  1004 | D:1      | Found Telipuz's Antique Armour Boutique.
  1379 | D:1      | Reached XP level 3. HP: 22/24 MP: 6/6
  1588 | D:2      | Learned a level 2 spell: Call Imp
  1878 | D:2      | Reached XP level 4. HP: 24/30 MP: 4/7
  2881 | D:2      | Learned a level 3 spell: Call Canine Familiar
  3098 | D:3      | Found a sparkling altar of Nemelex Xobeh.
  3098 | D:3      | Found a glowing golden altar of the Shining One.
  3106 | D:3      | Found a shimmering altar of Xom.
  3108 | D:3      | Found a basalt altar of Yredelemnul.
  3108 | D:3      | Found a white marble altar of Elyvilon.
  3108 | D:3      | Found an ornate altar of the Wu Jian Council.
  3111 | D:3      | Found a shadowy altar of Dithmenos.
  3113 | D:3      | Found a shimmering blue altar of Sif Muna.
  3119 | D:3      | Became a worshipper of Dithmenos the Shadowed
  3348 | D:3      | Found a faded altar of an unknown god.
  3378 | D:3      | Got Plato's Guide on Evil
  3526 | D:3      | Noticed Ijyb
  3541 | D:3      | Killed Ijyb
  3542 | D:3      | Reached XP level 5. HP: 29/35 MP: 6/9
  4463 | D:3      | Reached * piety under Dithmenos
  4464 | D:3      | Reached XP level 6. HP: 41/41 MP: 7/10
  4795 | D:4      | Found a glowing drain.
  4799 | Sewer    | Entered a sewer
  4835 | Sewer    | Noticed a water moccasin
  4851 | Sewer    | Killed a water moccasin
  4852 | Sewer    | Reached skill level 5 in Dodging
  4852 | Sewer    | Reached skill level 5 in Summonings
  5078 | D:4      | Noticed Eustachio
  5085 | D:4      | Killed Eustachio
  5086 | D:4      | Reached skill level 5 in Stealth
  5086 | D:4      | Reached XP level 7. HP: 29/46 MP: 6/12
  5279 | D:4      | Noticed Sigmund
  5364 | D:4      | Found a hide-covered altar of Uskayaw.
  6015 | D:5      | Entered Level 5 of the Dungeon
  6024 | D:4      | Reached XP level 8. HP: 46/52 MP: 10/14
  6075 | D:5      | Noticed Prince Ribbit
  6082 | D:5      | Found a sand-covered staircase.
  6089 | Ossuary  | Entered an ossuary
  6139 | Ossuary  | Reached ** piety under Dithmenos
  6191 | Ossuary  | Noticed a wraith
  6191 | Ossuary  | Noticed a flying skull
  6199 | Ossuary  | Noticed a flying skull
  6208 | Ossuary  | Noticed a flying skull
  6224 | Ossuary  | Noticed a flying skull
  6225 | Ossuary  | Noticed a flying skull
  6375 | D:5      | Killed Prince Ribbit
  6376 | D:5      | Reached skill level 6 in Summonings
  6576 | D:4      | Killed Sigmund
  6783 | D:5      | Noticed Menkaure
  6786 | D:5      | Killed Menkaure
  6787 | D:5      | Reached skill level 5 in Spellcasting
  6817 | D:5      | Noticed Pikel
  6859 | D:4      | Killed Pikel
  6860 | D:4      | Reached skill level 7 in Summonings
  6860 | D:4      | Reached XP level 9. HP: 25/57 MP: 5/17
  7491 | D:5      | Found a burning altar of Makhleb.
  7856 | D:5      | Reached skill level 1 in Polearms
  7876 | D:5      | Reached skill level 1 in Fighting
  7876 | D:5      | Reached skill level 1 in Invocations
  8175 | D:6      | Found Numn's Armour Shop.
  9219 | D:6      | Found a staircase to the Ecumenical Temple.
  9224 | Temple   | Entered the Ecumenical Temple
 11032 | D:6      | Reached skill level 5 in Polearms
 11348 | D:6      | Learned a level 3 spell: Summon Guardian Golem
 11495 | D:1      | Bought a pair of embroidered gloves for 157 gold pieces
 11745 | D:6      | Reached skill level 1 in Shields
 11745 | D:6      | Reached XP level 10. HP: 19/71 MP: 11/18
 12075 | D:7      | Found a blossoming altar of Fedhas.
 12149 | D:6      | Reached skill level 1 in Hexes
 12395 | D:7      | Identified the +1 scale mail of Abstinence {*Slow rElec
                  | Dex+5}
 12659 | D:7      | Noticed Dowan
 12882 | D:6      | Reached skill level 5 in Invocations
 13154 | D:7      | Found a radiant altar of Vehumet.
 13175 | D:7      | Noticed Duvessa
 13203 | D:7      | Killed Duvessa
 13226 | D:7      | Killed Dowan
 13546 | D:7      | Reached *** piety under Dithmenos
 14000 | D:8      | Noticed a cyclops
 14028 | D:7      | Killed a cyclops
 14029 | D:7      | Reached skill level 1 in Armour
 14346 | D:8      | Found a shimmering altar of Xom.
 14391 | D:8      | Found a hide-covered altar of Uskayaw.
 14392 | D:8      | Noticed a skeletal warrior
 14736 | D:8      | Found an opulent altar of Gozag.
 14814 | D:8      | Killed an unseen horror
 15150 | D:8      | Noticed Grum
 15240 | D:8      | Killed Grum
 15533 | D:8      | Found a transporter.
 15533 | D:8      | Found a transporter.
 15564 | D:8      | Noticed Erica
 15579 | D:8      | Killed Erica
 15580 | D:8      | Reached skill level 5 in Hexes
 15589 | D:8      | Reached XP level 11. HP: 42/77 MP: 7/19
 16040 | D:8      | Found a one-way gate to the infinite horrors of the Abyss.
 16040 | D:8      | Noticed sirJeffrey23's ghost (novice HOMo)
 16303 | D:9      | Found a flagged portal.
 16312 | Bailey   | Entered a bailey
 16535 | Bailey   | Reached **** piety under Dithmenos
 16672 | Bailey   | Noticed an orc knight
 16967 | Bailey   | Identified the +4 kite shield of Bafe Ami {+Blink rC+}
 16970 | Bailey   | Killed an orc knight
 18374 | D:9      | Found a staircase to the Orcish Mines.
 18764 | D:10     | Entered Level 10 of the Dungeon
 19171 | D:10     | Reached skill level 8 in Summonings
 19332 | D:10     | Reached ***** piety under Dithmenos
 19786 | D:10     | Noticed an oklob plant
 19787 | D:10     | Noticed an oklob plant
 20271 | D:10     | Found a staircase to the Lair.
 20338 | D:10     | Learned a level 4 spell: Summon Lightning Spire
 20947 | D:10     | Killed an oklob plant
 21479 | D:10     | Killed an oklob plant
 21480 | D:10     | Reached skill level 1 in Air Magic
 21516 | Lair:1   | Entered Level 1 of the Lair of Beasts
 23431 | Orc:1    | Entered Level 1 of the Orcish Mines
 23434 | Orc:1    | Noticed a two-headed ogre
 23698 | D:9      | Killed a two-headed ogre
 23699 | D:9      | Reached XP level 12. HP: 64/83 MP: 12/20
 24031 | Orc:1    | Noticed an orc high priest
 24034 | Orc:1    | Noticed a soul eater
 24516 | D:10     | Killed an orc high priest
 24517 | D:10     | Reached skill level 5 in Shields
 25390 | Orc:2    | Entered Level 2 of the Orcish Mines
 25438 | Orc:1    | Noticed a soul eater
 25446 | Orc:1    | Paralysed by an orc sorcerer for 2 turns
 25720 | Orc:1    | Reached skill level 5 in Air Magic
 25814 | Orc:2    | Found a staircase to the Elven Halls.
 26744 | Orc:2    | Noticed an orc high priest
 26747 | Orc:2    | Noticed a sun demon
 27022 | Orc:1    | Killed an orc high priest
 27228 | Orc:2    | Paralysed by an orc sorcerer for 5 turns
 27382 | Orc:2    | Paralysed by an orc sorcerer for 2 turns
 27547 | Orc:2    | Noticed an orc high priest
 27559 | Orc:2    | Noticed a soul eater
 27600 | Orc:2    | Noticed an orc high priest
 27632 | Orc:2    | Killed an orc high priest
 27841 | Orc:2    | Noticed a sun demon
 28018 | Orc:2    | Killed an orc high priest
 28271 | Orc:1    | Learned a level 2 spell: Poisonous Vapours
 28294 | Orc:2    | Paralysed by an orc sorcerer for 7 turns
 28309 | Orc:2    | Reached skill level 1 in Poison Magic
 28939 | Orc:2    | Found Coimips's Antique Weapon Shop.
 28939 | Orc:2    | Found Dastesk's Magic Scroll Shop.
 28957 | Orc:2    | Found Zeceomig's Distillery.
 28964 | Orc:2    | Found Nieriugh's General Store.
 28974 | Orc:2    | Bought a scroll of identify for 28 gold pieces
 28974 | Orc:2    | Bought a scroll of identify for 28 gold pieces
 28974 | Orc:2    | Bought a scroll of identify for 28 gold pieces
 28974 | Orc:2    | Bought a scroll of magic mapping for 49 gold pieces
 28980 | Orc:2    | Bought a scroll of fog for 28 gold pieces
 28982 | Orc:2    | Bought a scroll of identify for 34 gold pieces
 28982 | Orc:2    | Bought a scroll of identify for 34 gold pieces
 28990 | Orc:2    | Bought a potion of cancellation for 104 gold pieces
 28990 | Orc:2    | Bought a potion of heal wounds for 65 gold pieces
 28990 | Orc:2    | Bought a potion of lignification for 39 gold pieces
 28990 | Orc:2    | Bought a potion of haste for 130 gold pieces
 28990 | Orc:2    | Bought a potion of curing for 39 gold pieces
 28990 | Orc:2    | Bought a potion of curing for 39 gold pieces
 28990 | Orc:2    | Bought a potion of curing for 39 gold pieces
 29570 | Lair:1   | Reached XP level 13. HP: 30/88 MP: 10/21
 30183 | Lair:1   | Reached skill level 5 in Poison Magic
 31001 | Lair:2   | Reached skill level 1 in Throwing
 31001 | Lair:2   | Reached skill level 1 in Evocations
 31628 | Lair:2   | Found a staircase to the Swamp.
 31894 | Lair:2   | Reached skill level 10 in Shields
 33282 | Lair:3   | Found a hole to the Spider Nest.
 33496 | Lair:3   | Found a transporter.
 33500 | Lair:3   | Noticed HallandMoats's ghost (journeyman DsMo)
 33514 | Lair:3   | Found a transporter.
 34382 | Lair:4   | Reached skill level 5 in Throwing
 34382 | Lair:4   | Reached skill level 5 in Evocations
 34781 | D:1      | Bought a runed scarf for 168 gold pieces
 35750 | Lair:4   | Identified the +0 robe of Noach {Will+ Stlth+}
 36059 | Lair:4   | Reached XP level 14. HP: 84/95 MP: 18/23
 39070 | D:11     | Noticed Sonja
 39075 | D:11     | Killed Sonja
 39076 | D:11     | Reached skill level 9 in Summonings
 39891 | D:11     | Identified the +0 pair of boots of Fufuol {Harm Will-
                  | Dex+3}
 40065 | D:12     | Noticed Josephine
 40072 | D:12     | Killed Josephine
 40268 | D:12     | Noticed Nessos
 40275 | D:12     | Killed Nessos
 41140 | D:12     | Noticed Jorgrun
 41385 | D:12     | Noticed Kirke
 41534 | D:12     | Reached skill level 10 in Summonings
 41860 | D:12     | Noticed a sphinx
 41862 | D:12     | Killed Kirke
 43697 | D:13     | Reached XP level 15. HP: 94/100 MP: 12/25
 43908 | D:13     | Identified the ring of Waesm {rPois Will+ Str+3 Int+3}
 44762 | D:12     | Reached skill level 11 in Summonings
 45082 | D:13     | Reached skill level 10 in Evocations
 46646 | Lair:6   | Entered Level 6 of the Lair of Beasts
 47970 | Lair:6   | Reached skill level 12 in Summonings
 48488 | Lair:6   | Reached skill level 5 in Fighting
 48559 | Lair:6   | Noticed Snorg
 48574 | Lair:6   | Killed Snorg
 49790 | Lair:6   | Identified the +0 pair of gloves "Poroexas" {Fly rElec
                  | Will+ Int-5}
 50017 | Lair:6   | Reached skill level 10 in Stealth
 50092 | Lair:6   | Reached skill level 10 in Polearms
 50181 | Lair:6   | Found a staircase to the Slime Pits.
 50867 | Lair:6   | Reached XP level 16. HP: 115/115 MP: 21/26
 52157 | D:14     | Found a gate to the Vaults.
 52474 | D:14     | Found a portal to a secret trove of treasure.
 52819 | D:15     | Entered Level 15 of the Dungeon
 52928 | D:15     | Noticed Louise
 52956 | D:15     | Killed Louise
 53903 | D:15     | Found a shimmering altar of Xom.
 53905 | D:15     | Found a shimmering altar of Xom.
 53906 | D:15     | Found a shimmering altar of Xom.
 53908 | D:15     | Found a shimmering altar of Xom.
 53909 | D:15     | Found a shimmering altar of Xom.
 55069 | D:15     | Reached ****** piety under Dithmenos
 55121 | D:15     | Found a staircase to the Depths.
 55812 | Spider:1 | Entered Level 1 of the Spider Nest
 56124 | Spider:1 | Mangled by a spark wasp

Illustrated notes

Levels and vault maps discovered:
D:1:      nzn_arrival_water_spiral, layout_rooms, serial_shops, shop
D:2:      layout_rooms, minmay_tripent
D:3:      kennysheep_the_goblin_king, layout_basic, minitemple,
          shapermc_ecumenical_altar_rom_forum, uniq_ijyb
D:4:      layout_basic, mainiacjoe_overflow_cross_hatched, gup_sewer_entry_bowl,
          uniq_sigmund, uniq_eustachio
D:5:      layout_loops_ring, bloody_makhleb, nicolae_ossuary_entry_monument,
          corexii_corridor_pit, uniq_pikel, uniq_prince_ribbit1, uniq_menkaure
D:6:      layout_basic, temple_doors_cd, serial_shops, shop,
          pf_guarded_unrand_woodcutter
D:7:      layout_cave_pools, fedhas_bush_and_centaur_altar,
          mainiacjoe_overflow_alcove_1, chequers_serial_rivers_micro_d,
          nicolae_grassy_gnolls, uniq_duvessa
D:8:      layout_rooms, mainiacjoe_overflow_24_doors,
          gammafunk_ghost_abyssal_escape, hangedman_feature_mirror, uniq_erica,
          uniq_grum
D:9:      layout_irregular_city, erik_orc_3, enter_bailey_4,
          mumra_transporter_accident
D:10:     layout_basic, dpeg_oklobed_lair
D:11:     layout_basic, uniq_sonja
D:12:     layout_loops_ring, amcnicky_mini_pool_small, uniq_josephine,
          uniq_kirke, uniq_nessos, uniq_jorgrun
D:13:     layout_loops_ring, special_room [special_room_orc],
          eino_small_chamber_without_monster, hex_tiny, onia_ninara_cookie
D:14:     layout_roguey, david_vaults_2, nicolae_trove_entry_free_sample,
          chequers_serial_rivers_room_a
D:15:     grunt_enter_depths_magical_seal, layout_long_grid, xom_redecorated,
          uniq_louise
Temple:   kb_corrupted_temple
Lair:1:   layout_gridlike, serial_bayou_shore_a, lemuel_fruit_fields
Lair:2:   regret_index_wax_grids, layout_gridlike, minmay_swamp_entry_swarm
Lair:3:   layout_loops_ring, spider_nest_entry_a,
          gammafunk_ghost_berserking_beasts
Lair:4:   layout_hall_layers, roderic_carrion_pond
Lair:5:   beast_lair_carwin_large_3, layout_regular_city,
          cheibrodos_lair_lostbears
Lair:6:   hangedman_lair_tendril_chambers, layout_gridlike,
          guppyfry_lair_end_dragon, dpeg_slime_entry_corner, patterned_corridor,
          uniq_snorg
Spider:1: layout_spider_delve, nicolae_spider_altar_of_dancing,
          hangedman_spider_tarantella_strand, uniq_frances
Orc:1:    layout_caves
Orc:2:    st_orc_elflike, layout_caves

Skill      XL: |  1  2  3  4  5  6  7  8  9 10 11 12 13 14 15 16 |
---------------+-------------------------------------------------+-----
Dodging        | 3 4 5 6 8 |  8.1
Stealth        | 3 4 5 7 8 10 | 10.0
Spellcasting   | 3 4 5 6 7 |  7.0
Summonings     | 5 7 8 10 12 | 12.1
Polearms       | 5 6 8 10 | 10.8
Fighting       | 4 7 |  7.2
Invocations    | 4 5 |  5.2
Shields        | 1 4 9 10 | 10.6
Hexes          | 5 7 |  7.0
Armour         | 3 4 |  4.0
Air Magic      | 3 6 |  6.0
Poison Magic   | 4 5 9 |  9.1
Throwing       | 5 6 9 |  9.4
Evocations     | 5 9 10 | 10.8

Action                   |  1- 3 |  4- 6 |  7- 9 | 10-12 | 13-15 | 16-18 || total
-------------------------+-------+-------+-------+-------+-------+-------++-------
Melee: Dagger            |   106 |   127 |    41 |     1 |    18 |       ||   293
       Tailslap          |     6 |       |       |     5 |    11 |     2 ||    24
       Punch             |     1 |       |     2 |       |       |       ||     3
       Rapier            |       |       |    37 |       |       |       ||    37
       Scythe            |       |       |    78 |       |       |       ||    78
       Trident           |       |       |    34 |   171 |   348 |    13 ||   566
       Spear             |       |       |    29 |   770 |   778 |   196 ||  1773
       War axe           |       |       |       |   105 |    35 |    19 ||   159
       Unarmed           |       |       |       |    10 |       |       ||    10
Throw: Dart              |       |       |     8 |    50 |    32 |     9 ||    99
       Boomerang         |       |       |       |       |     4 |     2 ||     6
       Javelin           |       |       |       |       |     2 |     1 ||     3
 Cast: Summon Small Mamm |    17 |     8 |       |       |       |       ||    25
       Call Imp          |     2 |    26 |    28 |    11 |     1 |       ||    68
       Call Canine Famil |       |     6 |    47 |   118 |   148 |    26 ||   345
       Summon Guardian G |       |       |       |    35 |   164 |    56 ||   255
       Summon Lightning  |       |       |       |    33 |    27 |     7 ||    67
       Poisonous Vapours |       |       |       |     1 |    67 |    14 ||    82
Invok: Shadow Step       |       |       |     1 |     2 |     5 |       ||     8
Evoke: Wand              |       |       |     3 |    18 |    21 |     3 ||    45
       Lightning rod     |       |       |       |       |     9 |     2 ||    11
       Tin of tremorston |       |       |       |       |     1 |       ||     1
       Condenser vane    |       |       |       |       |       |     1 ||     1
  Use: Potion            |       |       |     1 |       |     2 |     1 ||     4
       Scroll            |       |       |       |    20 |     8 |     4 ||    32
 Stab: Sleeping          |     2 |    14 |    20 |    11 |    13 |     2 ||    62
       Distracted        |       |     1 |     5 |    25 |    25 |     2 ||    58
       Paralysed         |       |       |       |       |     9 |     6 ||    15
       Confused          |       |       |       |       |     2 |       ||     2
       Petrified         |       |       |       |       |     1 |       ||     1
Armor: Robe              |    29 |    24 |    37 |     9 |       |       ||    99
       Ring mail         |       |       |       |   163 |   222 |    30 ||   415
       Acid dragon scale |       |       |       |       |    12 |       ||    12
Dodge: Dodged            |   104 |    97 |   262 |   563 |   485 |    65 ||  1576
Block: Buckler           |       |       |     5 |   127 |       |       ||   132
       Kite shield       |       |       |       |   210 |   800 |   114 ||  1124
